AoeStats
← Chaves

African Clearing

510428563Analyzed
3v3 RM · 2d ago on Oct 1, 2026· 46m 42s· 6 players
Game mode
Random Map
Map size
Normal (6 player)
Population
200
Speed
Normal
Resources
Standard
Victory
Conquest
Starting age
Dark Age
Ending age
Imperial Age
RankedLock teamsTeams togetherTeam positionsShared explorationLock speedFull tech treeHidden civsTurbo modeCheats
Victory
Defeat
🇵🇪 Cumans · Peru
1260
+13
🇲🇽 Magyars · Mexico
1214
+15
🇲🇽 Wei · Mexico
1066
+22
🇧🇷 Armenians · Brazil
1215
-18
🇲🇽 Malay · Mexico
1190
-16
🇨🇭 Teutons · Switzerland
1187
-16
sumply
4:07 Loom
15:29 Feudal Age
15:52 Double-Bit Axe
21:15 Castle Age
20:18 Fishing Lines
22:17 Gillnets
23:08 Stone Mining
23:14 Horse Collar
24:31 Fletching
26:10 Heavy Plow
31:12 Gold Mining
32:29 Pikeman
37:05 Bow Saw
37:39 Wheelbarrow
38:21 Squires
38:08 Arson
43:59 Imperial Age
41:57 Forging
42:51 Hand Cart
44:58 Crossbowman
46:03 Conscription
46:25 Ballistics
45:42 Elite Karambit Warrior
Dyragor
11:13 Loom
13:17 Feudal Age
16:04 Wheelbarrow
18:03 Fletching
22:32 Town Watch
28:44 Castle Age
27:27 Bloodlines
28:58 Horse Collar
29:06 Double-Bit Axe
30:01 Gold Mining
30:19 Scale Barding Armor
30:24 Forging
31:06 Hand Cart
32:36 Heavy Plow
33:45 Bodkin Arrow
36:37 Chain Barding Armor
37:55 Stone Mining
38:27 Pikeman
39:08 Squires
44:10 Imperial Age
41:28 Arson
42:19 Scale Mail Armor
42:54 Iron Casting
43:48 Town Patrol
44:14 Halberdier
46:02 Conscription
46:53 Crop Rotation
Chaves
8:11 Loom
12:31 Feudal Age
13:45 Town Watch
13:38 Man-at-Arms
14:06 Arson
15:28 Scale Mail Armor
15:57 Long Swordsman
24:27 Castle Age
23:25 Double-Bit Axe
25:47 Wheelbarrow
25:14 Pikeman
28:38 Two-Handed Swordsman
39:12 Horse Collar
41:11 Chain Mail Armor
42:40 Forging
42:58 Squires
42:49 Gambesons
45:25 Gold Mining
[IMa]Mikou
7:21 Loom
12:54 Feudal Age
14:07 Double-Bit Axe
15:11 Forging
21:20 Castle Age
19:32 Scale Barding Armor
20:10 Bloodlines
19:47 Horse Collar
22:47 Iron Casting
30:03 Heavy Plow
30:58 Gold Mining
32:18 Town Watch
33:05 Chain Barding Armor
34:13 Wheelbarrow
34:10 Stone Mining
37:47 Fletching
40:45 Imperial Age
41:37 Bow Saw
41:43 Hand Cart
40:59 Elite Steppe Lancer
42:41 Blast Furnace
42:17 Plate Barding Armor
45:49 Gold Shaft Mining
[IMa]Marinho
4:01 Loom
12:29 Feudal Age
13:11 Double-Bit Axe
13:16 Man-at-Arms
17:03 Scale Mail Armor
30:15 Castle Age
30:30 Wheelbarrow
31:35 Bow Saw
32:08 Bloodlines
31:59 Husbandry
33:00 Horse Collar
41:33 Corvinian Army
42:27 Heavy Plow
45:11 Imperial Age
43:58 Gold Mining
45:53 Hand Cart
46:14 Scale Barding Armor
46:50 Conscription
AgeOfY
10:27 Loom
12:45 Feudal Age
13:55 Double-Bit Axe
16:12 Scale Barding Armor
21:19 Castle Age
20:22 Forging
20:33 Horse Collar
20:46 Gold Mining
21:59 Bloodlines
22:41 Husbandry
29:35 Wheelbarrow
30:08 Town Watch
31:26 Chain Barding Armor
32:20 Heavy Plow
33:35 Fletching
34:28 Ballistics
39:54 Imperial Age
37:58 Bow Saw
37:55 Padded Archer Armor
38:42 Bodkin Arrow
39:26 Leather Archer Armor
39:08 Murder Holes
41:07 Parthian Tactics
40:55 Bracer
41:52 Ring Archer Armor
41:35 Heavy Hei Guang Cavalry
43:45 Chemistry
45:58 Iron Casting
46:31 Hand Cart
46:18 Town Patrol
47:44 Blast Furnace
Connection lost

Rejoining the realm…

Still unreachable

The connection could not be restored.

Session expired

The server has moved on; the page needs a fresh start.